Map: Heavy Artillery LE

Players

Serans

  • Race: Protoss Protoss
  • League: Platinum
  • Spawn Location: 7:00

czosnek

  • Race: Terran Terran
  • League: Diamond
  • Spawn Location: 7:00

qqq - Winner!

  • Race: Zerg Zerg
  • Spawn Location: 1:00

Massa - Winner!

  • Race: Terran Terran
  • League: Platinum
  • Spawn Location: 3:00

VOD

Have the link to the VOD?

Description

Time

  • Played on: March 24, 2021, 4:40 p.m.
  • Length: 17:11
Show
View Real Time Build Order
Export as new Build Order

Serans Protoss 

Build Orders: 1 Gate Expand, Phoenix Opening 

Get SALT Encoding   

  12  0:00  Probe (Chrono Boost)  
  13  0:10  Probe (Chrono Boost)  
  14  0:17  Pylon  
  14  0:21  Probe  
  15  0:35  Probe  
  16  0:37  Gateway  
  16  0:42  Assimilator  
  16  0:47  Probe  
  17  0:59  Probe (Chrono Boost)  
  19  1:11  Probe (Chrono Boost)  
  19  1:24  Nexus  
  19  1:26  Probe  
  20  1:38  Cybernetics Core  
  20  1:42  Assimilator  
  20  1:44  Probe  
  21  1:56  Probe, Pylon  
  22  2:08  Probe  
  22  2:15  Gateway, Warp Gate, Adept (Chrono Boost)  
  23  2:20  Probe  
  26  2:33  Probe  
  26  2:38  Probe, Adept (Chrono Boost)  
  29  2:45  Probe  
  30  2:51  Stargate  
  30  2:53  Probe  
  30  2:56  Assimilator  
  30  2:57  Probe  
  32  3:05  Probe  
  33  3:09  Probe  
  34  3:19  Probe  
  35  3:22  Probe  
  36  3:35  Probe  
  37  3:47  Phoenix (Chrono Boost)  
  37  3:48  Probe  
  36  3:51  Stargate  
  36  3:55  Pylon  
  38  3:56  Probe (Chrono Boost)  
  38  4:00  Assimilator  
  40  4:04  Probe (Chrono Boost)  
  40  4:07  Gateway  
  40  4:08  Probe (Chrono Boost)  
  41  4:10  Phoenix (Chrono Boost)  
  41  4:14  Probe (Chrono Boost)  
  41  4:15  Probe (Chrono Boost)  
  45  4:18  Pylon  
  45  4:23  Probe  
  46  4:24  Probe  
  46  4:27  Phoenix (Chrono Boost)  
  49  4:35  Probe  
  49  4:37  Probe  
  53  4:42  Phoenix (Chrono Boost)  
  53  4:47  Probe, Phoenix (Chrono Boost)  
  55  5:00  Phoenix  
  55  5:07  Adept x3  
  61  5:53  Probe, Pylon  
  61  5:56  Pylon  
  62  5:58  Pylon  
  62  6:11  Probe, Phoenix x2  
  67  6:22  Probe  
  65  6:30  Adept x3  
  71  6:36  Phoenix x2  
  75  6:46  Robotics Facility  
  75  6:47  Robotics Facility  
  75  6:48  Nexus  
  75  6:51  Twilight Council  
  74  6:56  Probe x2  
  76  7:01  Phoenix (Chrono Boost)  
  76  7:08  Probe x2  
  80  7:12  Void Ray (Chrono Boost)  
  80  7:19  Void Ray (Chrono Boost)  
  77  7:46  Probe x2  
  77  7:49  Immortal (Chrono Boost)  
  79  7:55  Pylon  
  79  7:57  Pylon  
  83  7:59  Pylon  
  83  8:00  Immortal (Chrono Boost)  
  83  8:02  Probe x3 (Chrono Boost)  
  90  8:05  Templar Archives  
  90  8:07  Gateway  
  90  8:09  Gateway  
  93  8:13  Probe (Chrono Boost), Gateway  
  93  8:14  Pylon  
  93  8:17  Probe x2 (Chrono Boost), Pylon, Adept x3  
  93  8:19  Assimilator  
  99  8:21  Assimilator  
  93  8:38  Zealot x3  
  90  8:43  Zealot x3  
  95  9:12  Zealot x6  
  95  9:13  Probe  
  95  9:16  Forge  
  108  9:18  Forge  
  108  9:20  Probe x2  
  108  9:21  Gateway  
  110  9:24  Gateway  
  110  9:27  Pylon  
  110  9:28  Probe (Chrono Boost), Nexus  
  111  9:32  Probe (Chrono Boost)  
  111  9:34  High Templar x6  
  111  9:38  Probe (Chrono Boost), Archon x3  
  126  9:42  Probe (Chrono Boost)  
  126  9:45  Probe (Chrono Boost)  
  59  10:25  Stalker x2  
  59  10:26  Stalker x6  
  57  10:52  Stalker x4  
  57  10:53  Stalker x2  
  69  10:59  Immortal  
  65  11:11  Psionic Storm  
  65  11:18  Protoss Ground Weapons Level 1, Protoss Ground Armor Level 1  
  63  11:22  Probe x2  
  63  11:26  Probe (Chrono Boost)  
  64  11:38  Probe (Chrono Boost)  
  64  11:39  Pylon  
  67  11:40  Probe x2 (Chrono Boost)  
  64  11:56  Probe x2  
  66  12:06  Nexus  
  66  12:07  Photon Cannon  
  66  12:08  Probe  
  66  12:12  Photon Cannon  
  67  12:16  Probe  
  67  12:19  High Templar x6  
  67  12:20  High Templar x2  
  67  12:21  Probe  
  85  12:23  Archon x3  
  85  12:28  Probe  
  86  12:33  Probe  
  87  12:37  Twilight Council  
  87  12:39  Observer  
  87  12:40  Probe  
  89  12:47  Probe  
  90  12:52  Probe  
  91  12:59  Probe, Stargate  
  91  13:02  Stargate  
  91  13:04  Probe  
  93  13:11  Probe  
  94  13:16  Probe  
  95  13:20  Pylon  
  95  13:22  High Templar  
  95  13:23  High Templar  
  95  13:24  Zealot x2  
  95  13:25  Zealot  
  105  13:29  Charge  
  105  13:38  Photon Cannon  
  105  13:46  Photon Cannon  
  105  13:48  Probe x3  
  107  13:50  Protoss Ground Weapons Level 2 (Chrono Boost)  
  107  13:54  Protoss Ground Armor Level 2 (Chrono Boost)  
  108  14:01  Probe x2  
  105  14:11  Observer  
  106  14:21  Stalker x4  
  114  14:30  Probe x2  
  116  14:36  Nexus  
  116  14:40  Pylon  
  116  14:44  Probe x2  
  118  14:49  High Templar x3  
  124  15:02  Fleet Beacon  
  61  15:50  Zealot x7  
  61  15:51  Zealot  
  61  15:54  Probe (Chrono Boost)  
  61  15:56  Tempest  
  85  16:04  Probe x2 (Chrono Boost)  
  85  16:09  Tempest  
  84  16:24  High Templar x6  
  86  16:26  Zealot x2  
  86  16:31  Archon x3  
Show
View Real Time Build Order
Export as new Build Order

czosnek Terran 

Build Orders:  

Get SALT Encoding   

  12  0:00  SCV  
  13  0:12  SCV  
  14  0:17  Supply Depot  
  14  0:24  SCV  
  15  0:29  Refinery  
  15  0:40  Barracks  
  15  0:46  SCV  
  16  0:57  Refinery  
  16  0:58  SCV  
  17  1:25  SCV  
  17  1:35  Reaper  
  17  1:37  SCV  
  17  1:39  Factory  
  19  1:52  Orbital Command  
  19  2:10  Reaper  
  20  2:16  Supply Depot  
  20  2:18  SCV  
  21  2:36  SCV  
  22  2:38  Hellion  
  22  2:43  Command Center  
  24  2:53  Reaper  
  24  2:56  SCV  
  26  3:01  Factory Tech Lab  
  26  3:03  Starport  
  26  3:39  SCV  
  26  3:40  Cyclone  
  26  3:41  Marine  
  26  3:45  Starport Tech Lab  
  26  3:49  Barracks  
  26  3:51  SCV  
  27  3:56  Orbital Command  
  28  4:09  Barracks Reactor  
  27  4:15  Raven  
  29  4:17  SCV  
  29  4:22  SCV  
  31  4:25  Supply Depot  
  31  4:26  Refinery  
  31  4:29  SCV  
  32  4:34  SCV  
  32  4:37  Marine  
  34  4:40  Siege Tank  
  34  4:41  SCV  
  38  4:45  Refinery  
  38  4:46  SCV  
  38  4:49  Supply Depot  
  36  4:53  SCV  
  28  5:17  SCV, Marine  
  28  5:18  Marine  
  28  5:19  Siege Tank  
  34  5:32  Marine  
  34  5:33  Orbital Command  
  35  5:35  Marine  
  35  5:36  Marine  
  35  5:37  SCV  
  38  5:45  Medivac  
  38  5:49  SCV  
  41  5:50  Marine  
  41  5:53  Marine  
  43  6:00  SCV  
  43  6:01  SCV  
  43  6:03  Marine  
  46  6:04  Command Center  
  46  6:05  Engineering Bay x2  
  46  6:06  Stimpack  
  46  6:11  Supply Depot  
  46  6:29  SCV  
  46  6:30  SCV, Marine  
  40  6:37  Marine  
  40  6:38  Marine, Siege Tank  
  40  6:39  Starport Reactor  
  42  6:42  SCV x2  
  42  6:44  Refinery  
  42  6:46  Supply Depot  
  44  6:58  SCV x2, Marine x3  
  49  7:02  Terran Infantry Weapons Level 1  
  49  7:03  Terran Infantry Armor Level 1  
  49  7:04  Missile Turret  
  49  7:06  Missile Turret  
  49  7:16  Marine  
  49  7:17  Medivac  
  52  7:25  SCV  
  52  7:29  Barracks x2  
  53  7:30  Orbital Command  
  53  7:31  Barracks  
  53  7:37  SCV  
  53  7:38  SCV  
  53  7:42  Supply Depot  
  55  7:45  Combat Shield  
  55  7:50  SCV  
  56  7:53  SCV, Marine  
  56  7:54  Marine x2, Siege Tank  
  56  7:56  Medivac  
  65  7:59  SCV  
  65  8:02  SCV  
  68  8:05  SCV  
  68  8:06  Supply Depot  
  68  8:09  Missile Turret  
  68  8:12  Marine x2  
  69  8:14  Sensor Tower  
  69  8:15  SCV  
  71  8:25  Marine  
  71  8:26  Marine x2  
  74  8:29  Siege Tank  
  77  8:39  Marine  
  77  8:40  Medivac  
  77  8:41  Medivac  
  82  8:42  SCV x3  
  85  8:53  Missile Turret  
  85  8:54  Missile Turret  
  85  9:12  Marine  
  85  9:13  Marauder, Marine x4  
  92  9:25  Orbital Command  
  92  9:29  SCV  
  92  9:30  Armory  
  93  9:48  Missile Turret  
  93  10:02  Supply Depot  
  93  10:04  Concussive Shells  
  93  10:07  Barracks Reactor, Barracks Tech Lab  
  93  10:08  Barracks Reactor  
  93  10:23  Medivac x2  
  93  10:24  Widow Mine, Marauder  
  93  10:25  SCV x3, Marine x2  
  100  10:37  SCV  
  101  10:48  SCV, Marine  
  101  11:02  Supply Depot  
  101  11:03  SCV, Marine x7  
  109  11:04  Supply Depot  
  109  11:09  Supply Depot  
  109  11:10  Supply Depot  
  104  11:14  Marine  
  104  11:16  SCV x3  
  106  11:20  Refinery, Marine x2  
  106  11:22  Refinery, Missile Turret  
  108  11:26  Marine, Command Center  
  108  11:28  SCV x2  
  108  11:29  Command Center  
  108  11:32  SCV  
  112  11:33  Terran Infantry Weapons Level 2  
  112  11:34  Terran Infantry Armor Level 2  
  112  11:35  Terran Vehicle Weapons Level 1  
  112  11:40  SCV  
  112  11:41  SCV, Factory, Marine x6  
  112  11:42  Factory, Marine  
  112  11:43  Factory  
  112  11:44  SCV, Marine, Thor  
  129  11:59  Marine x3  
  129  12:00  Marauder  
  134  12:07  Marine  
  135  12:22  Missile Turret x2  
  135  12:27  Marine x5  
  135  12:28  Marine  
  135  12:29  Factory Tech Lab x3  
  141  12:38  Marauder, Thor  
  149  12:46  Marine  
  149  12:47  Marauder, Marine, Supply Depot  
  149  12:49  Supply Depot  
  153  12:51  Supply Depot  
  153  12:56  Orbital Command  
  153  12:57  SCV x2, Marine x2  
  153  12:58  Marine x2  
  159  12:59  Siege Tank  
  159  13:00  Marauder  
  164  13:14  SCV, Marine  
  166  13:20  Thor  
  166  13:26  Marine x7  
  179  13:29  Siege Tank  
  182  13:34  Ghost Academy  
  182  13:36  Refinery  
  182  13:38  Missile Turret  
  182  13:40  Terran Vehicle Weapons Level 2  
  182  13:41  Refinery  
  182  13:43  Missile Turret  
  182  13:45  Marauder  
  182  13:47  Missile Turret  
  184  13:50  SCV x2  
  184  13:51  SCV x2  
  184  13:53  Planetary Fortress  
  184  13:54  Marine x3  
  191  14:02  Supply Depot  
  191  14:05  Missile Turret  
  191  14:10  Marine  
  191  14:11  Marine  
  199  14:24  Siege Tank x2  
  196  14:46  Marine, Siege Tank  
  144  15:15  Marine  
  144  15:20  Marine  
  115  15:21  Marine x2  
  115  15:22  Marine  
  115  15:23  Marauder, Marine  
  115  15:24  Siege Tank x3  
  113  15:34  Thor  
  119  15:35  Ghost  
  121  15:44  Ghost  
  123  15:52  Marine  
  123  15:55  Viking, Thor x2  
  123  15:56  Thor  
  130  16:04  Ghost  
  117  16:12  Ghost  
  117  16:15  Missile Turret x2  
  117  16:16  Missile Turret  
  106  16:21  Marine  
  106  16:23  Marine  
  99  16:29  Marine  
  99  16:31  Marine  
  94  16:32  Ghost  
  94  16:33  Siege Tank  
  94  16:34  Viking x2  
  94  16:35  Marine  
  94  16:38  Siege Tank  
  90  16:41  Ghost  
Show
View Real Time Build Order
Export as new Build Order

qqq Zerg - Winner!

Build Orders: Hatch First, Lurkers 

Get SALT Encoding   

  12  0:00  Drone  
  13  0:08  Drone  
  14  0:21  Overlord  
  14  0:44  Hatchery  
  14  0:49  Drone  
  14  0:51  Drone  
  15  1:00  Drone  
  16  1:14  Drone x2  
  18  1:29  Spawning Pool  
  18  1:30  Extractor  
  18  1:31  Drone  
  17  1:37  Drone  
  18  1:43  Drone  
  19  1:58  Drone  
  19  2:00  Overlord  
  20  2:05  Drone  
  21  2:15  Drone  
  22  2:16  Queen x2  
  22  2:17  Drone  
  22  2:20  Drone  
  28  2:43  Drone x3  
  31  2:45  Metabolic Boost  
  31  2:46  Drone  
  31  2:49  Drone  
  31  2:50  Drone  
  34  2:59  Evolution Chamber  
  33  3:06  Zergling x4  
  33  3:09  Hatchery  
  34  3:14  Zergling x2  
  34  3:15  Zergling x2  
  36  3:27  Roach Warren  
  35  3:28  Zerg Melee Weapons Level 1  
  35  3:31  Queen  
  34  3:50  Zergling x4  
  34  3:51  Overlord x3  
  36  3:59  Lair  
  36  4:00  Overlord  
  36  4:08  Overlord x3  
  36  4:10  Roach  
  36  4:12  Roach  
  36  4:16  Roach  
  42  4:17  Drone  
  43  4:26  Roach  
  43  4:28  Drone x2  
  47  4:32  Drone  
  47  4:36  Extractor  
  47  4:37  Queen  
  49  4:40  Roach  
  49  4:41  Drone  
  52  4:46  Drone, Zergling x2  
  52  4:47  Zergling x2  
  54  4:58  Zergling x8  
  54  4:59  Zergling x2, Roach  
  59  5:08  Zergling x8  
  61  5:15  Zergling x4  
  63  5:21  Drone x3  
  63  5:22  Drone  
  63  5:27  Extractor  
  66  5:28  Spore Crawler  
  66  5:30  Spore Crawler  
  66  5:32  Spore Crawler  
  59  5:47  Drone, Zergling x2  
  59  5:48  Drone x5  
  60  5:53  Extractor  
  60  5:56  Drone  
  60  6:02  Drone x3, Spire  
  60  6:03  Drone  
  63  6:10  Drone x4  
  62  6:23  Drone x3, Zergling x4  
  62  6:38  Zergling x4  
  62  6:39  Drone, Zergling x8  
  63  6:40  Zergling x6  
  66  6:52  Zergling x6  
  69  6:58  Drone x2  
  69  6:59  Drone x2  
  73  7:06  Drone x2  
  75  7:14  Hatchery  
  73  7:16  Corruptor  
  73  7:17  Corruptor x2  
  73  7:18  Corruptor  
  80  7:24  Corruptor  
  81  7:31  Corruptor x3  
  79  7:38  Zergling x6  
  79  7:41  Zergling x4  
  79  7:42  Zergling x6  
  84  7:56  Zerg Flyer Weapons Level 1  
  84  7:59  Zergling x4  
  84  8:00  Zergling x2  
  84  8:02  Corruptor x2  
  84  8:05  Corruptor  
  93  8:08  Extractor  
  92  8:15  Mutalisk  
  94  8:26  Zergling x8  
  94  8:27  Zergling x2  
  95  8:39  Zergling x12  
  95  8:40  Zergling x4  
  101  8:45  Corruptor x2  
  101  8:48  Overlord x4  
  102  8:49  Queen  
  102  9:03  Overlord x5  
  102  9:04  Overlord  
  102  9:06  Drone  
  102  9:07  Extractor  
  102  9:21  Spore Crawler  
  102  9:22  Mutalisk x2  
  105  9:25  Queen  
  107  9:39  Mutalisk x4, Corruptor  
  107  9:40  Corruptor  
  107  9:44  Drone x3  
  107  9:45  Drone x5  
  126  9:50  Zerg Flyer Armor Level 1  
  127  9:55  Corruptor x2  
  129  10:04  Mutalisk  
  118  10:15  Mutalisk x2  
  118  10:16  Zergling x6  
  118  10:17  Overlord x2, Roach  
  118  10:18  Drone x3  
  102  10:50  Zergling x12  
  102  10:51  Zergling x4  
  102  10:56  Evolution Chamber  
  109  10:57  Drone x4, Evolution Chamber, Infestation Pit  
  109  11:00  Extractor  
  109  11:02  Extractor  
  109  11:06  Drone x3, Hydralisk Den  
  109  11:07  Drone  
  112  11:12  Zergling x2  
  112  11:16  Drone x2  
  112  11:17  Drone, Baneling Nest  
  115  11:36  Spine Crawler x2  
  113  11:42  Zerg Missile Weapons Level 1, Zerg Ground Armor Level 1  
  113  11:43  Zerg Melee Weapons Level 2  
  113  11:45  Hive  
  113  11:47  Muscular Augments  
  113  11:49  Hydralisk x6  
  113  11:50  Hydralisk, Lurker Den  
  113  11:52  Hydralisk  
  128  11:54  Hydralisk  
  128  12:12  Centrifical Hooks  
  128  12:17  Drone x6  
  128  12:18  Hydralisk x4  
  128  12:19  Hydralisk x3  
  142  12:40  Zergling x8  
  142  12:41  Zergling x4  
  148  12:45  Baneling  
  148  12:46  Baneling x7  
  150  12:51  Lurker x4  
  150  12:52  Lurker  
  153  13:01  Grooved Spines  
  153  13:02  Seismic Spines  
  153  13:09  Greater Spire  
  153  13:10  Zergling x2  
  153  13:11  Zergling x22  
  153  13:12  Drone x3  
  168  13:29  Lurker x2  
  170  13:36  Hatchery  
  170  13:40  Hatchery  
  168  13:47  Lurker x2  
  170  13:50  Hydralisk x2  
  170  13:51  Hydralisk  
  170  13:52  Roach x7  
  170  13:53  Roach  
  170  13:54  Overlord x2  
  192  13:57  Zerg Ground Armor Level 2  
  192  14:19  Ultralisk Cavern  
  192  14:22  Brood Lord x2  
  192  14:24  Brood Lord  
  197  14:28  Baneling x3  
  197  14:29  Baneling x2  
  194  14:31  Baneling  
  194  14:32  Baneling  
  194  14:33  Baneling  
  194  14:34  Baneling  
  194  14:50  Brood Lord x2  
  198  14:54  Drone x2  
  198  14:56  Spine Crawler  
  198  14:58  Drone  
  198  14:59  Drone, Spore Crawler  
  165  15:16  Corruptor x4  
  164  15:21  Spire  
  155  15:29  Zergling x14  
  155  15:34  Zergling x4  
  155  15:35  Zergling x2, Ultralisk x2  
  177  15:48  Ultralisk  
  177  15:49  Zergling x14  
  191  15:50  Zergling x6  
  181  16:08  Brood Lord x2, Corruptor  
  181  16:09  Zergling x2  
  181  16:10  Zergling x10  
  175  16:23  Corruptor  
  175  16:24  Corruptor x2  
  180  16:28  Brood Lord  
  180  16:29  Zergling x12  
Show
View Real Time Build Order
Export as new Build Order

Massa Terran - Winner!

Build Orders:  

Get SALT Encoding   

  12  0:08  SCV  
  13  0:20  SCV  
  14  0:24  Supply Depot  
  14  0:32  SCV  
  15  0:45  SCV  
  15  0:46  Barracks  
  16  0:57  SCV  
  17  1:07  Refinery  
  17  1:10  Refinery, SCV  
  18  1:22  SCV  
  19  1:34  SCV  
  20  1:45  Command Center  
  20  1:46  SCV  
  21  1:50  Reaper  
  22  2:06  Factory  
  22  2:16  Orbital Command  
  22  2:24  Supply Depot  
  22  2:28  Barracks Reactor  
  22  2:53  Hellion  
  24  3:05  Marine x2  
  25  3:21  Hellion  
  25  3:23  Marine x2  
  25  3:25  Orbital Command, SCV  
  28  3:37  SCV  
  29  3:45  Marine x2  
  29  3:47  Hellion  
  33  3:49  SCV  
  33  3:52  SCV  
  35  3:59  Starport  
  35  4:02  SCV  
  36  4:04  SCV  
  37  4:14  SCV  
  37  4:15  Barracks Tech Lab  
  37  4:16  SCV  
  39  4:19  Hellion x2, Engineering Bay  
  43  4:26  SCV  
  43  4:29  SCV  
  45  4:31  Supply Depot  
  45  4:35  Starport Tech Lab  
  45  4:38  SCV  
  46  4:39  Supply Depot  
  46  4:53  SCV, Hellion x2  
  45  5:14  Stimpack  
  45  5:16  Banshee  
  45  5:18  Cloaking Field  
  46  5:33  Widow Mine x2  
  46  5:42  Barracks, Terran Infantry Weapons Level 1  
  46  5:43  Barracks  
  46  5:44  Barracks  
  46  5:48  Armory  
  46  5:49  Missile Turret  
  46  5:52  Missile Turret x2  
  46  5:55  Widow Mine x2, Missile Turret  
  46  5:56  Missile Turret  
  50  5:59  Banshee  
  50  6:00  SCV x2  
  55  6:10  Marine  
  56  6:12  SCV  
  57  6:28  SCV x2  
  59  6:34  Barracks Reactor, Barracks Tech Lab  
  59  6:36  Barracks Reactor  
  59  6:37  Terran Vehicle And Ship Armor Level 1  
  59  6:40  Refinery, SCV x2  
  59  6:44  Engineering Bay  
  61  6:51  Command Center  
  61  7:06  Medivac  
  60  7:41  Medivac  
  62  7:50  Supply Depot x2  
  62  7:51  Supply Depot x2  
  62  7:52  Supply Depot  
  62  7:53  Supply Depot x2  
  62  8:00  Refinery  
  62  8:02  Marine x4  
  62  8:03  SCV x2, Marauder x2  
  62  8:05  Orbital Command, Missile Turret  
  72  8:10  Combat Shield  
  72  8:12  Terran Infantry Armor Level 1  
  72  8:13  Terran Infantry Weapons Level 2  
  72  8:15  SCV x2  
  72  8:16  Concussive Shells, Supply Depot  
  72  8:18  Missile Turret  
  74  8:20  Marine x3  
  74  8:22  Marine  
  74  8:24  Marauder x2  
  74  8:26  Widow Mine x2  
  86  8:27  SCV x2  
  88  8:38  Marine x3, Missile Turret  
  88  8:40  Marine  
  92  8:45  Marine  
  92  8:46  Refinery, SCV, Marauder  
  92  8:47  SCV x2  
  92  8:48  Refinery  
  98  8:56  Marine  
  98  8:59  SCV x3, Command Center  
  98  9:00  Missile Turret  
  99  9:04  Marine x3  
  99  9:05  Marine  
  99  9:06  Marine  
  99  9:07  Widow Mine x2  
  106  9:14  Factory, Marine  
  107  9:17  Barracks  
  107  9:22  Marine  
  106  9:27  Marauder x2, Marine x2  
  106  9:28  Widow Mine x2  
  116  9:31  Marine  
  116  9:33  Medivac  
  119  9:49  Marauder  
  79  10:57  Marauder x2, Marine  
  79  10:58  Marine x4  
  83  11:11  Medivac  
  81  11:13  Factory Tech Lab  
  81  11:14  Widow Mine  
  81  11:15  Widow Mine, Marine  
  81  11:16  Marine x3  
  86  11:19  Marauder x2  
  86  11:23  Planetary Fortress  
  86  11:25  SCV x3  
  84  11:31  Barracks Tech Lab  
  84  11:33  Marine  
  84  11:34  Marine x2  
  84  11:36  Widow Mine x2  
  84  11:37  SCV x3, Ghost Academy  
  94  11:40  Marauder x2  
  94  11:41  Medivac  
  94  11:43  Supply Depot  
  94  11:45  Supply Depot x2  
  100  11:48  Refinery  
  100  11:50  SCV x3, Missile Turret  
  103  11:57  Widow Mine  
  105  12:01  Marauder  
  105  12:02  SCV x3  
  105  12:03  Terran Vehicle And Ship Armor Level 2  
  105  12:04  Terran Infantry Armor Level 2, Terran Infantry Weapons Level 3  
  105  12:06  Supply Depot  
  105  12:07  Personal Cloaking  
  110  12:09  Supply Depot, Siege Tank  
  110  12:10  Supply Depot  
  110  12:11  Medivac  
  110  12:14  SCV, Missile Turret, Drilling Claws  
  116  12:29  Starport  
  116  12:31  Supply Depot  
  116  12:35  SCV, Missile Turret, Supply Depot  
  116  12:36  Refinery, SCV x3  
  120  12:41  Medivac, Siege Tank  
  115  13:09  Missile Turret x2  
  115  13:11  Medivac, Missile Turret x2  
  117  13:26  Corvid Reactor  
  117  13:28  Ghost  
  117  13:29  Ghost x2  
  117  13:30  Marine  
  117  13:31  Marine x3, Missile Turret  
  117  13:32  Enhanced Shockwaves, Siege Tank  
  117  13:33  Widow Mine, Smart Servos  
  117  13:34  Widow Mine  
  134  13:40  Raven  
  136  13:46  Barracks, Factory  
  136  13:47  Barracks  
  136  13:48  Barracks, Marine x4  
  136  13:53  Barracks  
  140  13:57  Ghost x3  
  146  14:05  Siege Tank  
  146  14:06  Marine x2, Command Center  
  139  14:42  Marauder  
  139  14:43  Marauder x2, Marine x2  
  147  14:49  Factory Tech Lab  
  147  14:51  Barracks Reactor x2, Barracks Tech Lab x2  
  147  14:53  Marine x2  
  147  14:55  Siege Tank  
  147  14:56  Widow Mine x2  
  156  15:00  Marine  
  156  15:01  Marine  
  156  15:04  Marauder x3  
  153  15:17  Widow Mine  
  151  15:25  Marauder  
  151  15:27  Siege Tank  
  136  15:54  Siege Tank  
  136  15:55  Widow Mine x2  
  136  15:56  Marauder x3, Ghost x2  
  153  15:57  Marine  
  153  15:58  Marine x4  
  153  15:59  Siege Tank  
  153  16:01  Raven  
  153  16:03  Starport Tech Lab  
  163  16:06  Starport Tech Lab  
  163  16:09  Starport Reactor  
  163  16:16  Widow Mine x2, Ghost  
  163  16:17  Ghost x2  
  173  16:25  Ghost x2  
  177  16:26  Siege Tank  
  177  16:32  Siege Tank  
Tags
 
Add a new tag
Caveats
  • Supply blocks, unpowered buildings, or Contaminate may cause inaccurate times.
  • Supply counts are checked every 10 seconds.